 Dungeon Crawl Stone Soup version 0.24-a0-84-g25a2d9f (webtiles) character file.

Game seed: 11580236292593587694

1597 Kairos the Chopper (level 8, 0/42 HPs)
             Began as a Vine Stalker Fighter on Feb 7, 2019.
             Was a Follower of Okawaru.
             Slain by a bullfrog (3 damage)
             ... on level 6 of the Dungeon.
             The game lasted 00:09:58 (5050 turns).

Kairos the Chopper (Vine Stalker Fighter)           Turns: 5050, Time: 00:09:58

Health: 0/42       AC: -2    Str: 21    XL:     8   Next: 93%
Magic:  0/18       EV:  6    Int:  8    God:    Okawaru [*.....]
Gold:   181        SH: 10    Dex: 14    Spells: 7/7 levels left

rFire    + . .     SeeInvis .   a - +0 war axe
rCold    . . .     Gourm    .   c - +0 shield
rNeg     . . .     Faith    .   q - +0 chain mail
rPois    .         Spirit   +   (no helmet)
rElec    .         Reflect  .   (no cloak)
rCorr    .         Harm     .   (no gloves)
MR       +....                  (no boots)
Stlth    ..........             (no amulet)
HPRegen  0.54/turn              j - ring of protection from fire
MPRegen  0.16/turn              u - ring of magical power

@: corroded
A: fangs 3, regeneration 1, magic shield, antimagic bite, no potion heal 3, rot
immunity
a: Heroism, Renounce Religion


You were on level 6 of the Dungeon.
You worshipped Okawaru.
Okawaru was aware of your devotion.
You were not hungry.

You visited 2 branches of the dungeon, and saw 7 of its levels.

You collected 350 gold pieces.
You spent 169 gold pieces at shops.

Inventory:

Hand Weapons
 a - a +0 war axe (weapon)
 e - a +0 whip
 m - a +4 hunting sling
Armour
 b - a +0 scale mail
 c - a +0 shield (worn)
 q - a +0 chain mail (worn)
 y - a +1 ring mail of poison resistance
Jewellery
 j - a ring of protection from fire (left hand)
 l - an uncursed ring of flight
 u - a ring of magical power (right hand)
Wands
 A - a wand of paralysis (10)
 D - a wand of polymorph (6)
Scrolls
 h - 6 scrolls of identify {unknown}
 o - a scroll of enchant weapon {unknown}
 p - 3 scrolls of teleportation {unknown}
 s - 4 scrolls of remove curse {unknown}
 t - a scroll of random uselessness {unknown}
 v - a scroll of immolation {unknown}
 w - 2 scrolls of blinking {unknown}
 z - a scroll of magic mapping {unknown}
 C - a scroll of amnesia {unknown}
Potions
 d - a potion of might
 g - a potion of lignification {unknown}
 i - 3 potions of degeneration {unknown}
 k - 2 potions of heal wounds {unknown}
 n - a potion of mutation {unknown}
 r - a potion of cancellation {unknown}
 x - a potion of resistance {unknown}
 B - 2 potions of agility {unknown}
Comestibles
 f - 10 rations


   Skills:
 + Level 4.3 Fighting
 + Level 6.5 Axes
 + Level 4.8 Armour
 + Level 1.3 Dodging
 + Level 1.0 Stealth
 + Level 5.3 Shields


You had 7 spell levels left.
You didn't know any spells.
Your spell library was empty.

Dungeon Overview and Level Annotations

Branches:
Dungeon (6/15)             Temple (1/1) D:4

Altars:
Ashenzari
Cheibriados
Dithmenos
Elyvilon
Fedhas
Gozag
Hepliaklqana
Kikubaaqudgha
Makhleb
Nemelex Xobeh
Okawaru
Qazlal
Ru
Sif Muna
Trog
Uskayaw
Vehumet
Wu Jian
Xom
Yredelemnul
Zin
The Shining One

Shops:
D:4 [


Innate Abilities, Weirdness & Mutations

You have razor-sharp teeth.
Your natural rate of healing is unusually fast.
When hurt, damage is shared between your health and your magic reserves.
Your bite disrupts and absorbs the magic of your enemies.
Potions cannot restore your health.
You are immune to rotting.


Message History

You bite the jelly, but do no damage.
The jelly is almost dead.
You hit the bullfrog. The bullfrog hits you.
* * * LOW HITPOINT WARNING * * *
You block the jelly's attack. The bullfrog hits you!
* * * LOW HITPOINT WARNING * * *
The jelly barely misses you.
You slash the jelly!
You kill the jelly!
Okawaru accepts your kill.
You barely miss the bullfrog. You block the bullfrog's attack.
The bullfrog closely misses you.
You closely miss the bullfrog.
The bullfrog is almost dead.
You block the bullfrog's attack. The bullfrog hits you.
* * * LOW HITPOINT WARNING * * *
You hit the bullfrog.
The bullfrog is almost dead.
The bullfrog hits you.
You die...

#.....#..#
#........#
###########.....####
#...................
#...................
#...................
#...................
##.#####....########
#..@...#....#.......
#..F...#....#.......
#......#....#.......
#####.##....#...##..
.....###.†.##..
.....#.....#...
.....#.....#...
.....#.....#...
#.....#...


You could see a bullfrog.

Vanquished Creatures
  Grinder (D:6)
  Prince Ribbit (D:6)
  A centaur (D:6)
  2 ogres (D:6)
  Blork the orc (D:6)
  2 bullfrogs (D:6)
  A scorpion (D:6)
  2 howler monkeys (D:4)
  2 crimson imps (D:5)
  2 hounds
  2 jellies (D:6)
  An orc priest (D:4)
  3 orc wizards
  A bullfrog skeleton (D:4)
  2 worker ants
  2 hound zombies
  A hound skeleton (D:4)
  5 adders
  A worm (D:3)
  4 leopard geckos
  17 orcs
  4 giant cockroaches
  9 goblins
  12 hobgoblins
  12 jackals
  4 quokkas
  5 ball pythons
  12 bats
  7 frilled lizards
  17 kobolds
  A leopard gecko skeleton (D:4)
  A quokka skeleton (D:5)
  6 rats
144 creatures vanquished.

Vanquished Creatures (others)
  2 plants (D:1)
2 creatures vanquished.

Grand Total: 146 creatures vanquished

Notes
Turn   | Place    | Note
-------+----------+-------------------------------------------
     0 | D:1      | Kairos the Vine Stalker Fighter began the quest for the
                  | Orb.
     0 | D:1      | Reached XP level 1. HP: 11/11 MP: 2/2
    45 | D:1      | Reached XP level 2. HP: 10/16 MP: 3/3
    81 | D:1      | Reached skill level 2 in Axes
   440 | D:1      | Reached XP level 3. HP: 19/19 MP: 4/4
   907 | D:2      | Gained mutation: Your natural rate of healing is unusually
                  | fast. [Vine Stalker growth]
   907 | D:2      | Reached XP level 4. HP: 9/23 MP: 2/5
  1042 | D:2      | Reached skill level 3 in Axes
  1125 | D:2      | Found a basalt altar of Yredelemnul.
  1154 | D:2      | You fall through a shaft!
  1391 | D:3      | Reached XP level 5. HP: 28/28 MP: 6/6
  1770 | D:3      | You fall through a shaft for 2 floors!
  1770 | D:5      | Entered Level 5 of the Dungeon
  1937 | D:4      | Reached XP level 6. HP: 30/32 MP: 7/7
  2082 | D:3      | Reached skill level 4 in Axes
  2333 | D:3      | Found a sparkling altar of Nemelex Xobeh.
  2533 | D:4      | Found Yttig's Armour Shoppe.
  2615 | D:4      | Found a staircase to the Ecumenical Temple.
  2626 | Temple   | Entered the Ecumenical Temple
  2893 | D:4      | Found a snail-covered altar of Cheibriados.
  2971 | D:4      | Reached XP level 7. HP: 31/36 MP: 8/8
  2994 | D:4      | Found an ancient bone altar of Kikubaaqudgha.
  2995 | D:4      | Found a white marble altar of Elyvilon.
  2997 | D:4      | Found a bloodstained altar of Trog.
  2998 | D:4      | Found a radiant altar of Vehumet.
  2999 | D:4      | Found a hide-covered altar of Uskayaw.
  3131 | D:4      | Bought a +1 ring mail of poison resistance for 169 gold
                  | pieces
  3657 | D:6      | Noticed Blork the orc
  3663 | D:6      | Killed Blork the orc
  3663 | D:6      | Reached skill level 5 in Axes
  4440 | D:6      | Noticed Grinder
  4447 | D:6      | Killed Grinder
  4447 | D:6      | Reached skill level 1 in Dodging
  4447 | D:6      | Gained mutation: You have razor-sharp teeth. [Vine Stalker
                  | growth]
  4447 | D:6      | Reached XP level 8. HP: 30/41 MP: 9/9
  4482 | D:6      | Found an iron altar of Okawaru.
  4488 | D:6      | Found a shattered altar of Ashenzari.
  4491 | D:6      | Became a worshipper of Warmaster Okawaru
  4498 | D:6      | Found a sacrificial altar of Ru.
  4588 | D:6      | Noticed Prince Ribbit
  4603 | D:6      | Killed Prince Ribbit
  4603 | D:6      | Reached skill level 6 in Axes
  4603 | D:6      | Reached skill level 5 in Shields
  4650 | D:6      | Found an ornate altar of the Wu Jian Council.
  4681 | D:6      | Reached * piety under Okawaru
  4942 | D:6      | Reached skill level 1 in Stealth
  5047 | D:6      | HP: 2/42 [bullfrog (6)]
  5050 | D:6      | Slain by a bullfrog

Levels and vault maps discovered:

Skill      XL: |  1  2  3  4  5  6  7  8 |
---------------+-------------------------+-----
Axes           | 2 3 4 5 6 |  6.5
Shields        | 3 4 5 |  5.3
Fighting       | 3 4 |  4.3
Armour         | 3 4 |  4.8
Dodging        | 1 |  1.3
Stealth        | 1 |  1.0

Action                   |  1- 3 |  4- 6 |  7- 9 || total
-------------------------+-------+-------+-------++-------
Melee: War axe           |    92 |   220 |   135 ||   447
       Bite              |    20 |    51 |    42 ||   113
  Eat: Chunk             |       |     7 |     2 ||     9
       Ration            |       |       |     2 ||     2
Armor: Scale mail        |    61 |    64 |       ||   125
       Chain mail        |       |    50 |    29 ||    79
       Ring mail         |       |       |    24 ||    24
Dodge: Dodged            |    56 |    66 |    38 ||   160
Block: Shield            |    53 |   130 |    69 ||   252

Table legend:
 A = Non-vault XP
 B = Vault XP
 C = Vault XP percentage of total XP
 D = Non-vault monster count
 E = Vault monster count
 F = Vault count percentage of total count
                 A         B        C        D         E       F
            +---------+---------+-------+---------+---------+-------
      Total |    1618 |     664 |  29.1 |     133 |      11 |   7.6
            +---------+---------+-------+---------+---------+-------
        D:1 |      47 |      13 |  21.7 |      28 |       8 |  22.2
        D:2 |      70 |       0 |   0.0 |      24 |       0 |   0.0
        D:3 |     110 |       0 |   0.0 |      30 |       0 |   0.0
        D:4 |     284 |       0 |   0.0 |      20 |       0 |   0.0
        D:5 |     278 |       0 |   0.0 |      12 |       0 |   0.0
        D:6 |     829 |     651 |  44.0 |      19 |       3 |  13.6
            +---------+---------+-------+---------+---------+-------
